 Dungeon Crawl Stone Soup version 0.30-a0-469-g84de5afbc5 (webtiles) character file.

Game seed: 12067593799671288014

11 wormed the Cudgeller (level 2, 0/26 HPs)
             Began as an Armataur Berserker on Dec 20, 2022.
             Was a Follower of Trog.
             Succumbed to an adder's poison
             ... on level 2 of the Dungeon.
             The game lasted 00:02:49 (154 turns).

wormed the Cudgeller (Armataur Berserker)            Turns: 154, Time: 00:02:50

Health: 0/26       AC:  4    Str: 22    XL:     2   Next: 13%
Magic:  2/2        EV:  9    Int:  7    God:    Trog [*.....]
Gold:   29         SH:  0    Dex:  9    Spells: 1/1 levels left

rFire   . . .      SeeInvis .    a - +0 mace
rCold   . . .      Faith    .    (no shield)
rNeg    . . .      Spirit   .    b - +0 animal skin
rPois   .          Reflect  .    (no helmet)
rElec   .          Harm     .    (no cloak)
rCorr   .          Roll     +    (no gloves)
Will    .....                    (no barding)
Stlth   +.........               (no amulet)
HPRegen 0.24/turn                (no ring)
MPRegen 0.08/turn                (no ring)

@: lethally poisoned (0 -> -5)
A: large, rugged brown scales 3, deformed body, armoured tail, roll, long
tongue, awkward tongue
a: Renounce Religion, Berserk


You were on level 2 of the Dungeon.
You worshipped Trog.
Trog was aware of your devotion.
You visited 1 branch of the dungeon, and saw 2 of its levels.

You collected 29 gold pieces.

Inventory:

Hand Weapons
 a - a +0 mace (weapon)
Armour
 b - a +0 animal skin (worn)
Potions
 c - 2 potions of degeneration {unknown}


   Skills:
 + Level 2.8 Fighting
 * Level 3.0 Maces & Flails
 + Level 2.6 Armour
 - Level 1.3 Dodging
 + Level 0.6 Shields


You had one spell level left.
You didn't know any spells.
Your spell library was empty.

Dungeon Overview and Level Annotations

Branches:
Dungeon (2/15)

Altars:


Innate Abilities, Weirdness & Mutations

You are completely covered in rugged brown scales. (AC +3, +7% HP)
Armour fits poorly on your strangely shaped body.
You have a long armoured tail.
You roll when moving toward enemies. (Rampage)
Your long tongue fully drains potion bottles. (2x potion effects)
Your tongue gives you trouble enunciating. (1.5x scroll delay)


Message History

The adder is heavily wounded.
The adder closely misses you.
You barely miss the adder.
The adder is heavily wounded.
The adder bites you but does no damage. x2
You closely miss the adder. You tail-slap the adder.
The adder is severely wounded.
The adder barely misses you. x2
You barely miss the adder.
The adder is severely wounded.
The adder bites you.
You closely miss the adder.
The adder is severely wounded.
The adder bites you but does no damage.
The goblin hits you with a +1 dagger of speed.
The adder bites you but does no damage.
The goblin hits you with a +1 dagger of speed.
You completely miss the adder.
Your tail-slap misses the adder.
The adder is severely wounded.
The goblin hits you but does no damage. The adder bites you.
You are poisoned.
The adder poisons you! The goblin hits you but does no damage.
You closely miss the adder.
The adder is severely wounded.
You feel sick. The adder barely misses you.
The goblin hits you with a +1 dagger of speed.
* * * LOW HITPOINT WARNING * * *
The adder bites you but does no damage. The goblin hits you but does no damage.
You barely miss the adder.
The adder is severely wounded.
You feel sick. The adder barely misses you. The goblin barely misses you.
The goblin misses you. The adder bites you.
* * * LOW HITPOINT WARNING * * *
You are more poisoned.
The adder poisons you!
Unknown command.
You hit the adder.
You kill the adder!
Trog accepts your kill.
You die...

#####.##.###.......#
#)##..##.).....#
#.###..####.#### #.#
##...##.# #.#
###.#..# #.#
####....#
#.##...##..##
#.#.....#..#
#.@........#
#g.......#..
#........#..#
#.......##..#
#........#...
.........#
.........#
...#..)..##
#.###.....


You could see a goblin.

Vanquished Creatures
  An adder (D:2)
  3 ball pythons
  An endoplasm (D:2)
  2 hobgoblins
  2 frilled lizards (D:1)
  3 rats
12 creatures vanquished.

Notes
Turn   | Place    | Note
-------+----------+-------------------------------------------
     0 | D:1      | wormed the Armataur Berserker began the quest for the Orb.
     0 | D:1      | Reached XP level 1. HP: 19/19 MP: 1/1
    94 | D:1      | You fall into a shaft and drop 1 floor!
   122 | D:2      | Reached XP level 2. HP: 26/26 MP: 2/2
   141 | D:2      | Reached skill level 3 in Maces & Flails
   154 | D:2      | Succumbed to an adder's poison

Illustrated notes

Levels and vault maps discovered:
D:1:      dpeg_arrival_tiny_a, layout_loops_ring, ebering_ecumenical_altar_box,
          minmay_pentomino_o4
D:2:      layout_rooms, minmay_goblin_kobold_house

Skill      XL: |  1  2 |
---------------+-------+-----
Maces & Flails | 3 |  3.0
Fighting       | |  2.8
Armour         | |  2.6
Dodging        | |  1.3
Shields        | |  0.6

Action                   || total
-------------------------++-------
Melee: Mace              ||    33
       Tailslap          ||     1
Armor: Animal skin       ||    18
Dodge: Dodged            ||    18

Table legend: (Time is in decaauts)
 A = Elapsed time spent in this place.
 B = Non-inter-level travel time spent in this place.
 C = Inter-level travel time spent in this place.
 D = Time resting spent in this place.
 E = Time spent auto-exploring this place.
 F = Levels seen in this place.
 G = Mean time per level.
                   A        B        C        D        E       F      G
               +--------+--------+--------+--------+--------+-----+--------+
         Total |    162 |    162 |      0 |      0 |     94 |   2 |   81.0 |
       Dungeon |    162 |    162 |      0 |      0 |     94 |   2 |   81.0 |
               +--------+--------+--------+--------+--------+-----+--------+

Top non-repeatable levels by time:
     D:1: 97 daAuts
     D:2: 64 daAuts
